 Dungeon Crawl Stone Soup version 0.26.0-91-g99b343417d (webtiles) character file.

Game seed: 2629553970007692135

4037 hawla the Destroyer (level 10, -5/74 HPs)
             Began as a Black Draconian Conjurer on Feb 3, 2021.
             Was a Follower of Ashenzari.
             Slain by an orc warrior
             ... wielding a +0 war axe
              (17 damage)
             ... in a bailey.
             The game lasted 00:30:55 (10603 turns).

hawla the Destroyer (Black Draconian Conjurer)     Turns: 10603, Time: 00:30:55

Health: -5/74      AC: 12    Str:  9    XL:     10   Next: 4%
Magic:  2/21       EV: 13    Int: 21    God:    Ashenzari [*.....]
Gold:   473        SH:  0    Dex: 17    Spells: 16/23 levels left

rFire    . . .     SeeInvis .   l - +4 quarterstaff (chaos)
rCold    . . .     Faith    .   (shield currently unavailable)
rNeg     + . .     Spirit   .   (armour unavailable)
rPois    .         Reflect  .   (helmet restricted)
rElec    +         Harm     .   m - +2 cloak
rCorr    .         Rampage  .   (no gloves)
Will     .....                  r - +1 pair of boots
Stlth    ++........             (no amulet)
HPRegen  0.22/turn              f - +6 ring of dexterity
MPRegen  0.17/turn              x - ring of positive energy

@: brilliant, about to teleport, hasted, very quick
A: breathe lightning, unfitting armour, electricity resistance, cold-blooded, AC
+7
a: Breathe Lightning, Renounce Religion, Curse Item, Scrying


You were in a bailey.
You worshipped Ashenzari.
Ashenzari was aware of your devotion.
You visited 2 branches of the dungeon, and saw 8 of its levels.
You also visited: Sewer and Bailey.

You collected 473 gold pieces.

Inventory:

Hand Weapons
 l - a +4 quarterstaff of chaos (weapon)
Missiles
 g - 11 boomerangs
 u - 19 poisoned darts
Armour
 m - a +2 cloak (worn)
 r - a +1 pair of boots (worn)
 s - the cursed +5 buckler of the Sun {+Inv rPois Will+ Stlth-}
   (You found it on level 4 of the Dungeon)

   It protects you from poison.
   It affects your willpower, your defense against some magical effects.
   It lets you turn invisible.
   It makes you less stealthy.
   It has a curse placed upon it.
Jewellery
 f - a +6 ring of dexterity (left hand)
 x - a ring of positive energy (right hand)
 y - an uncursed ring of wizardry
 B - an uncursed ring of resist corrosion
Wands
 b - a wand of digging (2)
 n - a wand of enslavement (11)
 p - a wand of paralysis (19)
Scrolls
 e - a scroll of teleportation
 w - a scroll of fog
 A - a scroll of remove curse
Potions
 a - a potion of resistance
 c - 4 potions of flight
 i - 4 potions of brilliance
 q - a potion of haste


   Skills:
 + Level 2.4 Fighting
 + Level 5.0 Staves
 + Level 3.1 Dodging
 + Level 2.5 Stealth
 + Level 3.0 Shields
 + Level 7.4 Spellcasting
 + Level 8.7 Conjurations
 + Level 2.6 Translocations
 + Level 5.7 Air Magic


You had 16 spell levels left.
You knew the following spells:

 Your Spells              Type           Power        Failure   Level
a - Magic Dart            Conj           100%         1%          1
b - Searing Ray           Conj           100%         1%          2
c - Iskenderun's Mystic   Conj/Tloc      47%          9%          4

Your spell library contained the following spells:

 Spells                   Type           Power        Failure   Level
 Dazzling Flash           Conj/Hex       78%          4%          3
 Animate Skeleton         Necr           22%          9%          1
 Beastly Appendage        Tmut           22%          9%          1
 Corona                   Hex            12%          9%          1
 Pain                     Necr           44%          9%          1
 Slow                     Hex            11%          13%         2
 Wereblood                Tmut           11%          13%         2
 Portal Projectile        Hex/Tloc       40%          14%         3
 Fulminant Prism          Conj/Hex       19%          14%         4
 Inner Flame              Hex/Fire       11%          26%         3
 Spider Form              Tmut/Pois      5%           26%         3
 Vampiric Draining        Necr           5%           26%         3
 Animate Dead             Necr           5%           63%         4
 Cause Fear               Hex            5%           63%         4
 Ice Form                 Ice/Tmut       11%          63%         4
 Leda's Liquefaction      Hex/Erth       5%           63%         4
 Agony                    Necr           11%          93%         5
 Blade Hands              Tmut           5%           93%         5


Dungeon Overview and Level Annotations

Branches:
Dungeon (7/15)             Temple (1/1) D:4           Sewer (visited)
 Bailey (1/1)

Altars:
Ashenzari
Cheibriados
Dithmenos
Elyvilon
Fedhas
Gozag
Hepliaklqana
Kikubaaqudgha
Makhleb
Nemelex Xobeh
Okawaru
Qazlal
Ru
Uskayaw
Vehumet
Wu Jian
Xom
Yredelemnul


Innate Abilities, Weirdness & Mutations

You can breathe wild blasts of lightning.
Your glossy black scales are hard. (AC +7)
You cannot fit into any form of body armour.
You are resistant to electric shocks. (rElec)
You are cold-blooded and may be slowed by cold attacks.


Message History

Press: ? - help, Dir - move target, p - orc knight
As you read the scroll of blinking, it crumbles to dust.
As you read the scroll of teleportation, it crumbles to dust.
You feel strangely unstable.
The orc knight hits you with a +0 war axe! x2
You feel better.
The orc knight no longer looks unusually strong.
The orc knight barely misses you.
Your surroundings suddenly seem different. 2 orc warriors come into view.
The orc warrior shouts!
The orc warrior shouts!
As you read the scroll of teleportation, it crumbles to dust.
You feel strangely unstable.
The orc warrior hits you with a +0 war axe!
The orc warrior hits you with a +0 war axe!
* * * LOW HITPOINT WARNING * * *
You feel yourself speed up. The orc warrior barely misses you.
The orc warrior hits you with a +0 war axe!
You die...

≈≈≈≈≈...≈≈≈≈≈≈≈≈≈≈
≈≈≈≈≈...≈≈≈≈≈≈≈≈≈≈
≈≈≈≈≈...≈≈≈≈≈≈≈≈≈≈
≈≈≈≈≈...≈≈≈≈≈≈≈≈≈≈
#≈≈≈≈...≈≈≈≈######
#...........#..
#####[['#####..###
#..'.[...'..#..o.#
#[[[.....'..#..o@#
#[.#..⌠..#..####+#≈≈≈≈≈
...#.....#.....#.≈≈≈≈≈≈
...#.....#...8.#.≈≈≈≈≈≈
...#######.....#.≈≈≈≈≈≈
.###########.8.#.≈≈≈≈≈≈
..[..........[.#.≈≈≈≈≈≈
.............8[#.≈≈≈≈≈≈
......_.[...[[[[.≈≈≈≈≈≈


You could see 2 orc warriors.

Vanquished Creatures
  An orc knight (Bailey)
  An orc sorcerer (Bailey)
  A kobold demonologist (Bailey)
  Prince Ribbit (D:5)
  6 orc warriors (Bailey)
  3 ice beasts
  2 sky beasts
  A black bear (D:6)
  2 ogres
  A necrophage (D:5)
  2 centaurs
  A big kobold (Sewer)
  A scorpion (D:4)
  2 howler monkeys (D:6)
  3 electric eels (Bailey)
  A hound (D:4)
  A gnoll shaman (D:6)
  A jelly (D:5)
  4 orc priests
  Crazy Yiuf (D:2)
  5 orc wizards
  Jessica (D:2)
  6 worker ants
  A howler monkey zombie (D:5)
  Robin (D:3)
  9 gnolls
  6 adders
  2 river rats
  2 ufetubi
  3 oozes (D:1)
  2 worms
  2 dart slugs (D:2)
  5 leopard geckos
  27 orcs
  3 ball pythons
  12 giant cockroaches
  20 goblins
  23 hobgoblins
  23 jackals
  3 quokkas
  A ball python skeleton (D:4)
  7 bats
  9 frilled lizards
  12 kobolds
  A leopard gecko skeleton (D:4)
  21 rats
243 creatures vanquished.

Vanquished Creatures (others)
  5 fungi (D:2)
5 creatures vanquished.

Grand Total: 248 creatures vanquished

Notes
Turn   | Place    | Note
-------+----------+-------------------------------------------
     0 | D:1      | hawla the Draconian Conjurer began the quest for the Orb.
     0 | D:1      | Reached XP level 1. HP: 14/14 MP: 3/3
     2 | D:1      | Found a runed translucent door.
   288 | D:1      | Reached XP level 2. HP: 16/20 MP: 0/5
   996 | D:1      | Reached XP level 3. HP: 26/26 MP: 4/7
  1120 | D:1      | Learned a level 2 spell: Searing Ray
  1746 | D:2      | Noticed Jessica
  1751 | D:2      | Killed Jessica
  1752 | D:2      | Reached skill level 5 in Conjurations
  1752 | D:2      | Reached XP level 4. HP: 33/33 MP: 0/8
  2311 | D:2      | Found a runed translucent door.
  2312 | D:2      | Noticed Crazy Yiuf
  2504 | D:2      | Killed Crazy Yiuf
  2505 | D:2      | Reached XP level 5. HP: 9/38 MP: 1/10
  2518 | D:2      | Learned a level 4 spell: Iskenderun's Mystic Blast
  3554 | D:3      | Reached skill level 1 in Staves
  3608 | D:3      | Reached skill level 1 in Translocations
  3716 | D:3      | Noticed Robin
  3737 | D:3      | Killed Robin
  3934 | D:3      | Reached XP level 6. HP: 45/45 MP: 3/12
  5044 | D:4      | Found a snail-covered altar of Cheibriados.
  5374 | D:4      | Reached skill level 6 in Conjurations
  5381 | D:4      | Got a heavily runed buckler
  5384 | D:4      | Found a staircase to the Ecumenical Temple.
  5395 | Temple   | Entered the Ecumenical Temple
  5622 | Temple   | Identified the +5 buckler of the Sun {+Inv rPois Will+
                  | Stlth-} (You found it on level 4 of the Dungeon)
  5658 | Temple   | Became a worshipper of Ashenzari the Shackled
  5922 | D:4      | Your scales start taking on a glossy black colour.
  5922 | D:4      | Reached XP level 7. HP: 50/50 MP: 7/13
  5922 | D:4      | Gained mutation: You are resistant to electric shocks.
                  | (rElec) [Black Draconian growth]
  6302 | D:5      | Entered Level 5 of the Dungeon
  6406 | D:5      | Found a glowing drain.
  6412 | Sewer    | Entered a sewer
  6420 | Sewer    | Reached skill level 1 in Shields
  6565 | Sewer    | Reached skill level 1 in Air Magic
  6670 | Sewer    | Found a white marble altar of Elyvilon.
  6924 | D:5      | Reached skill level 5 in Spellcasting
  7325 | D:5      | Found an opulent altar of Gozag.
  7365 | D:5      | Noticed Prince Ribbit
  7374 | D:5      | Reached XP level 8. HP: 51/57 MP: 9/15
  7511 | D:5      | Found a hide-covered altar of Uskayaw.
  7566 | D:5      | Killed Prince Ribbit
  7567 | D:5      | Reached skill level 7 in Conjurations
  8368 | D:6      | Reached skill level 5 in Air Magic
  8724 | D:6      | Found an ancient bone altar of Kikubaaqudgha.
  8727 | D:6      | Found a blossoming altar of Fedhas.
  8763 | D:6      | Reached XP level 9. HP: 41/62 MP: 9/18
  8889 | D:6      | Reached * piety under Ashenzari
  9432 | D:7      | Found a flagged portal.
  9482 | Bailey   | Entered a bailey
  9728 | Bailey   | Noticed a kobold demonologist
  9729 | Bailey   | Found an iron altar of Okawaru.
  9729 | Bailey   | Noticed an orc sorcerer
  9745 | Bailey   | Killed a kobold demonologist
  9746 | Bailey   | Reached skill level 8 in Conjurations
  9766 | Bailey   | Killed an orc sorcerer
  9767 | Bailey   | Reached skill level 1 in Fighting
  9848 | Bailey   | Noticed an orc knight
  9876 | Bailey   | Killed an orc knight
 10016 | Bailey   | Reached XP level 10. HP: 74/74 MP: 13/21
 10116 | Bailey   | Reached skill level 5 in Staves
 10218 | Bailey   | Noticed an orc knight
 10249 | Bailey   | Noticed an orc knight
 10603 | Bailey   | Slain by an orc warrior

Illustrated notes

Levels and vault maps discovered:
D:1:      dpeg_arrival_caged_fury, layout_basic, minmay_misc_feat_tower
D:2:      layout_basic, minivault_19, uniq_jessica, uniq_crazy_yiuf_cottage
D:3:      layout_basic, uniq_robin
D:4:      minmay_recursive_quarters, layout_loops_corners, cheibriados_altar_1,
          minmay_temple_entry_ruins
D:5:      minmay_general_purpose_star, layout_loops_ring, grunt_gozag_statues,
          eat_drink_and_be_merry_uskayaw, portal_sewer_entry_e,
          chequers_serial_rivers_small_b, uniq_prince_ribbit1
D:6:      layout_basic, grunt_temple_overflow_growth_and_decay,
          nrook_mini_backslash, minmay_fractal_squares_diagonal_5
D:7:      layout_basic, chequers_temple_overflow_minitemple, enter_bailey_6,
          serial_curves, eino_curves_04, eino_curves_01
Temple:   nicolae_temple_figure_eight
Bailey:   bailey_axe_of_yendor_kennysheep, bailey

Skill      XL: |  1  2  3  4  5  6  7  8  9 10 |
---------------+-------------------------------+-----
Spellcasting   | 3 4 5 6 7 |  7.4
Conjurations   | 5 6 7 8 |  8.7
Staves         | 1 2 3 4 5 |  5.0
Translocations | 1 2 |  2.6
Shields        | 2 3 |  3.0
Air Magic      | 3 5 |  5.7
Fighting       | 2 |  2.4
Dodging        | 3 |  3.1
Stealth        | 2 |  2.5

Action                   |  1- 3 |  4- 6 |  7- 9 | 10-12 || total
-------------------------+-------+-------+-------+-------++-------
Melee: Unarmed           |    47 |     4 |       |       ||    51
       Tailslap          |     5 |     3 |     5 |       ||    13
       Quarterstaff      |       |    18 |    89 |     3 ||   110
 Cast: Magic Dart        |    64 |    66 |    50 |     5 ||   185
       Searing Ray       |     9 |    43 |    53 |     8 ||   113
       Iskenderun's Myst |       |     1 |    17 |     8 ||    26
Invok: Curse Item        |       |     1 |       |       ||     1
  Use: Scroll            |     6 |     4 |     5 |     5 ||    20
       Potion            |       |     2 |    10 |     5 ||    17
 Stab: Distracted        |       |       |     1 |       ||     1
       Invisible         |       |       |     4 |       ||     4
Armor: Skin              |    21 |    33 |    85 |     2 ||   141
Dodge: Dodged            |    46 |    46 |    79 |     9 ||   180
